 Dungeon Crawl Stone Soup version 0.31-a0-117-g42d8f58691 (webtiles) character file.

Game seed: 11023234032504017847

40878 MacCMillion the Zephyrmancer (level 14, -14/88 HPs)
             Began as a Tengu Air Elementalist on May 30, 2023.
             Was a High Priest of Vehumet.
             Killed from afar by an ogre mage (24 damage)
             ... with a bolt of magma
             ... in a volcano.
             The game lasted 00:55:28 (27787 turns).

MacCMillion the Zephyrmancer (TeAE)                Turns: 27787, Time: 00:55:29

Health: -14/88     AC: 14    Str:  9    XL:     14   Next: 12%
Magic:  12/23      EV: 18    Int: 21    God:    Vehumet [*****.]
Gold:   1946       SH:  0    Dex: 14    Spells: 5/24 levels left

rFire   + . .        d - staff of air
rCold   x . .        (no shield)
rNeg    . . .        u - +0 acid dragon scales
rPois   +            I - +2 hat
rElec   +            s - +0 cloak
rCorr   +            y - +2 pair of gloves
SInv    .            (boots unavailable)
Will    +....        o - amulet of regeneration
Stlth   ++           O - ring of fire
HPRegen 1.14/turn    A - ring of poison resistance
MPRegen 0.18/turn

%: no passive effects
@: flying quickly and evasively, quick
A: beak, talons 3, nimble flight
a: Renounce Religion


You were in a volcano.
You worshipped Vehumet.
Vehumet was extremely pleased with you.
You visited 3 branches of the dungeon, and saw 18 of its levels.
You also visited: Volcano.

You collected 1946 gold pieces.

Inventory:

Hand Weapons
 p - a +1 dagger of holy wrath
 w - a +2 vampiric dagger
Missiles
 g - 7 throwing nets
Armour
 s - a +0 cloak (worn)
 u - +0 acid dragon scales (worn)
 y - a +2 pair of gloves (worn)
 H - a +0 troll leather armour
 I - a +2 hat (worn)
 Q - a +0 hat of willpower
Magical Staves
 d - a staff of air (weapon)
Jewellery
 j - a ring of flight
 o - an amulet of regeneration (around neck)
 r - an amulet of the acrobat
 A - a ring of poison resistance (right hand)
 D - a ring of wizardry
 O - a ring of fire (left hand)
 U - a ring of resist corrosion
Wands
 a - a wand of charming (1)
 M - a wand of iceblast (10)
 N - a wand of light (4)
 T - a wand of flame (10)
 V - a wand of polymorph (3)
Scrolls
 e - 2 scrolls of amnesia
 f - 3 scrolls of noise
 m - 3 scrolls of fear
 t - 2 scrolls of poison
 v - 6 scrolls of teleportation
 B - a scroll of magic mapping
 E - 3 scrolls of blinking
 F - 2 scrolls of fog {unknown}
 G - 3 scrolls of enchant armour {unknown}
 K - 3 scrolls of immolation
 R - 4 scrolls of identify
 S - 2 scrolls of brand weapon {unknown}
Potions
 b - 4 potions of magic
 c - 6 potions of curing
 h - 3 potions of might {unknown}
 i - 2 potions of attraction {unknown}
 k - 3 potions of heal wounds
 l - 4 potions of lignification {unknown}
 n - 4 potions of enlightenment
 q - 3 potions of degeneration {unknown}
 x - a potion of brilliance {unknown}
 z - 4 potions of invisibility {unknown}
 C - a potion of mutation {unknown}
 J - 8 potions of ambrosia
 L - 2 potions of haste
 P - a potion of berserk rage {unknown}


   Skills:
 + Level 10.7 Fighting
 + Level 8.0 Staves
 - Level 5.5 Armour
 + Level 10.5 Dodging
 - Level 2.0 Stealth
 + Level 5.7 Spellcasting
 - Level 13.0 Conjurations
 - Level 5.0 Hexes
 + Level 14.1 Air Magic
 - Level 5.0 Evocations


You had 5 spell levels left.
You knew the following spells:

 Your Spells              Type           Power      Damage    Failure   Level
a - Shock                 Conj/Air       100%       1d9       1%          1
b - Static Discharge      Conj/Air       100%       2-7/arc   1%          2
c - Swiftness             Air            78%        N/A       1%          3
d - Airstrike             Air            39%        2d(6-22)  1%          4
e - Fulminant Prism       Conj/Hex       21%        3d12      1%          4
f - Arcjolt               Conj/Air       38%        1d48      1%          5

Your spell library contained the following spells:

 Spells                   Type           Power      Damage    Failure   Level
 Conjure Ball Lightning   Conj/Air       38%        3x3d12    2%          6
 Magic Dart               Conj           100%       1d8       1%          1
 Slow                     Hex            100%       N/A       1%          1
 Momentum Strike          Conj/Tloc      66%        3d9       1%          2
 Searing Ray              Conj           100%       2d8       1%          2
 Mephitic Cloud           Conj/Pois/Air  60%        N/A       1%          3
 Vhi's Electric Charge    Tloc/Air       100%       N/A       2%          3
 Confusing Touch          Hex            27%        N/A       6%          3
 Ensorcelled Hibernation  Hex/Ice        32%        N/A       9%          2
 Portal Projectile        Hex/Tloc       32%        N/A       17%         3
 Blink                    Tloc           12%        N/A       24%         2
 Call Imp                 Summ           12%        N/A       24%         2
 Lesser Beckoning         Tloc           12%        N/A       24%         2
 Passwall                 Tmut/Erth      5%         N/A       24%         2
 Call Canine Familiar     Summ           6%         N/A       43%         3
 Vampiric Draining        Necr           6%         2d6       43%         3
 Leda's Liquefaction      Hex/Erth       8%         N/A       50%         4
 Lee's Rapid Deconstruct  Erth           3%         3d5*      69%         5
 Leda's Unmaking          Conj/Erth      16%        9d3       38%         6
 Maxwell's Capacitive Co  Air            39%        ∞         58%         8
 Statue Form              Tmut/Erth      4%         N/A       100%        6


Dungeon Overview and Level Annotations

Branches:
Dungeon (12/15)            Temple (1/1) D:4            Lair (5/5) D:11
 Shoals (0/4) Lair:3        Snake (0/4) Lair:3      Volcano (1/1)
  Slime: Lair:4-5       Orc: D:9-12

Altars:
Ashenzari
Cheibriados
Dithmenos
Elyvilon
Fedhas
Gozag
Hepliaklqana
Kikubaaqudgha
Makhleb
Nemelex Xobeh
Okawaru
Qazlal
Ru
Sif Muna
Trog
Uskayaw
Vehumet
Wu Jian
Xom
Yredelemnul
Zin
The Shining One

Shops:
D:6 =   D:10 *

Annotations:
D:9 3 runed translucent doors, dazzle's ghost, journeyman NaCj


Innate Abilities, Weirdness & Mutations

You have a beak for a mouth.
You have claws for feet.
Your magical nature lets you fly swiftly and evasively.


Message History

Something is struck by an electric surge!!!
The two-headed ogre hits you with a +4 great mace of flaming.
The two-headed ogre misses you.
Training target 8.0 for Staves reached!
Your Staves skill increases to level 8!
You need to enable at least one skill for training.
Okay, then.
You hit the two-headed ogre.
You claw the two-headed ogre, but do no damage.
The two-headed ogre is almost dead.
The two-headed ogre hits you with a +4 great mace of flaming!!
The two-headed ogre burns you.
The two-headed ogre hits you with a +0 giant club of flaming!
The two-headed ogre burns you.
In the distance, the volcano erupts with a roar.
You are engulfed in blazing flames.
You resist.
The two-headed ogre is engulfed in blazing flames.
Casting: Arcjolt (mildly dangerous; 1% risk of failure)
Confirm with . or Enter, or press ? or * to list all spells.
Aiming: Airstrike (safe; 1% risk of failure)
Press: ? - help, Dir - move target, f - two-headed ogre
Aim: a two-headed ogre, wielding a +4 great mace of flaming and a +0 giant club of flaming (flame, almost dead, fast, empty space bonus: 6/8)
You feel a surge of power!
The air twists around and strikes the two-headed ogre!!
You kill the two-headed ogre!
Vehumet accepts your kill.
You feel your power returning.
You are engulfed in blazing flames.
You resist.
* * * LOW HITPOINT WARNING * * *
An ogre mage appears from thin air!
Reactivating autopickup.
The ogre mage is engulfed in blazing flames.
The ogre mage points at you and mumbles some strange words.
The bolt of magma hits you! You partially resist.
* * * LOW HITPOINT WARNING * * *
You are engulfed in blazing flames.
You resist.
* * * LOW HITPOINT WARNING * * *
The ogre mage is engulfed in blazing flames.
The ogre mage casts a spell at you. The bolt of magma hits you!!
You partially resist.
You die...

#. .$O #.# ≈p#
#####.########## #≈§#
##......§..§§...######.§#
......≈≈§≈§≈§≈O.......#
#....≈≈≈≈≈≈≈°§≈§.§..###
...≈≈≈§≈≈≈°≈°§§≈...##
....≈≈≈°°○○°○§≈≈...#
...≈§≈≈≈°°@°°○°°..##
....§§≈≈☼°°°§°○..##
##....≈≈°°○○☼○○°##
#.#.....○°O°○°.°#
.###..###°○##°○○# ###
#######.# ##.## #.####
###.≈§##


You could see a two-headed ogre and an ogre mage.

Vanquished Creatures
  Gastronok (Lair:2)
  Harold (Lair:2)
  Erica (D:8)
  A centaur warrior (D:8)
  3 hydras
  3 two-headed ogres
  2 catoblepae
  2 boulder beetles (Lair:2)
  6 death yaks
  A hell knight (Volcano)
  2 skysharks
  3 deep elf pyromancers (D:11)
  8 elephants
  2 torpor snails
  6 cane toads
  2 rime drakes
  3 komodo dragons
  An unseen horror (D:12)
  A queen bee (D:10)
  3 polar bears
  8 trolls
  6 blink frogs
  A shadow (D:6)
  A vampire (D:11)
  A water elemental (D:10)
  A wraith (D:12)
  2 wyverns
  Grum (D:9)
  A steam dragon (D:10)
  2 basilisks
  22 yaks
  8 vampire mosquitoes (D:10)
  2 nagas (Lair:3)
  An acid dragon (D:11)
  11 water moccasins
  2 hell hounds (Lair:5)
  3 swamp drakes
  5 ice beasts
  2 black bears
  An orc warrior (D:7)
  7 wolves
  2 ogres
  7 centaurs
  2 kobold brigands
  A gnoll sergeant (D:10)
  14 bullfrogs
  A necrophage (D:6)
  6 scorpions
  3 water moccasin zombies (D:6)
  3 wights (D:6)
  An oklob sapling (D:4)
  52 killer bees
  4 electric eels (D:11)
  7 howler monkeys
  A crimson imp (D:11)
  2 centaur zombies (D:6)
  A lava snake (D:9)
  A jelly (D:8)
  5 hounds
  8 orc priests
  A human zombie (D:6)
  3 gnoll boudas
  2 iguanas (D:5)
  An iron imp (D:11)
  Jessica (D:2)
  Terence (D:2)
  10 orc wizards
  A killer bee zombie (D:6)
  A mummy (D:6)
  12 gnolls
  11 adders
  2 shadow imps
  2 white imps
  3 worms
  A dart slug (D:2)
  35 orcs
  14 bats
  12 endoplasms
  6 goblins
  4 hobgoblins
  4 quokkas
  7 ball pythons
  3 frilled lizards
  12 kobolds
  7 rats
417 creatures vanquished.

Vanquished Creatures (others)
  A yak (Lair:1)
  5 orcs
  33 fulminant prisms
39 creatures vanquished.

Grand Total: 456 creatures vanquished

Notes
Turn   | Place    | Note
-------+----------+-------------------------------------------
     0 | D:1      | MacCMillion the Tengu Air Elementalist began the quest for
                  | the Orb.
     0 | D:1      | Reached XP level 1. HP: 10/10 MP: 4/4
   431 | D:1      | Reached XP level 2. HP: 15/15 MP: 4/6
  1098 | D:2      | Found a broken altar of Ashenzari.
  1104 | D:1      | Learned a level 2 spell: Static Discharge
  1179 | D:2      | Reached XP level 3. HP: 6/19 MP: 0/7
  1523 | D:2      | Noticed Terence
  1627 | D:2      | Killed Terence
  1628 | D:2      | Reached skill level 5 in Air Magic
  1628 | D:2      | Reached XP level 4. HP: 5/24 MP: 3/9
  2414 | D:2      | Noticed Jessica
  2420 | D:2      | Killed Jessica
  2421 | D:2      | Gained mutation: Your magical nature lets you fly swiftly
                  | and evasively. [Tengu growth]
  2421 | D:2      | Reached XP level 5. HP: 28/28 MP: 6/10
  2899 | D:3      | Found a burning altar of Makhleb.
  3458 | D:3      | Reached XP level 6. HP: 32/32 MP: 9/12
  3916 | D:4      | Found a staircase to the Ecumenical Temple.
  4026 | D:4      | Reached skill level 6 in Air Magic
  4217 | Temple   | Entered the Ecumenical Temple
  4440 | Temple   | Became a worshipper of Vehumet
  4675 | D:4      | Reached skill level 5 in Conjurations
  4834 | D:4      | Reached skill level 7 in Air Magic
  5061 | D:4      | Identified the staff of death "Joaceaf" {+Blink rF+ rN+
                  | Int-5}
  5162 | D:4      | Reached XP level 7. HP: 36/36 MP: 11/14
  5462 | D:5      | Entered Level 5 of the Dungeon
  5746 | D:5      | Reached skill level 8 in Air Magic
  5919 | D:5      | Reached skill level 9 in Air Magic
  6024 | D:5      | Reached * piety under Vehumet
  6024 | D:5      | Offered knowledge of Foxfire by Vehumet.
  6149 | D:5      | Reached skill level 10 in Air Magic
  6149 | D:5      | Reached XP level 8. HP: 41/41 MP: 8/15
  6828 | D:6      | Found Liorikod's Jewellery Emporium.
  6848 | D:6      | Reached skill level 1 in Fighting
  7406 | D:6      | Noticed a shadow
  7419 | D:6      | Killed a shadow
  7868 | D:6      | Found an ancient bone altar of Kikubaaqudgha.
  7916 | D:6      | Reached skill level 11 in Air Magic
  7989 | D:6      | Reached XP level 9. HP: 12/51 MP: 5/16
  8280 | D:6      | Reached skill level 5 in Dodging
  8790 | D:6      | Offered knowledge of Kiss of Death by Vehumet.
  8897 | D:7      | Reached ** piety under Vehumet
  9401 | D:7      | Reached skill level 5 in Fighting
  9437 | D:7      | Found an opulent altar of Gozag.
  9554 | D:7      | Reached skill level 12 in Air Magic
  9963 | D:7      | Found a snail-covered altar of Cheibriados.
 10094 | D:8      | Noticed Erica
 10286 | D:8      | HP: 1/54 [Erica/+1 scimitar of flaming (2)]
 10687 | D:8      | Offered knowledge of Volatile Blastmotes by Vehumet.
 10692 | D:8      | Learned a level 3 spell: Swiftness
 10697 | D:8      | Learned a level 4 spell: Airstrike
 10754 | D:8      | Reached XP level 10. HP: 60/60 MP: 14/17
 10993 | D:8      | Killed Erica
 10997 | D:8      | Reached skill level 13 in Air Magic
 11061 | D:8      | Learned a level 4 spell: Fulminant Prism
 11094 | D:8      | Reached skill level 1 in Hexes
 11196 | D:8      | Reached *** piety under Vehumet
 11816 | D:8      | Noticed a catoblepas
 11830 | D:8      | Killed a catoblepas
 12525 | D:9      | Offered knowledge of Dazzling Flash by Vehumet.
 12729 | D:8      | Noticed a centaur warrior
 12734 | D:8      | Killed a centaur warrior
 13084 | D:8      | Reached skill level 10 in Conjurations
 13084 | D:8      | Reached XP level 11. HP: 60/66 MP: 13/18
 13781 | D:9      | Found a shimmering altar of Xom.
 13781 | D:9      | Noticed dazzle's ghost (journeyman NaCj)
 13782 | D:9      | Found a runed translucent door.
 13782 | D:9      | Noticed a +2 rapier of chaos
 13879 | D:9      | Found a hide-covered altar of Uskayaw.
 13962 | D:9      | Noticed Grum
 14412 | D:9      | Found an iron altar of Okawaru.
 14562 | D:9      | Found a runed translucent door.
 14564 | D:9      | Found a runed translucent door.
 14666 | D:9      | Killed Grum
 14722 | D:10     | Entered Level 10 of the Dungeon
 15093 | D:10     | Reached **** piety under Vehumet
 15360 | D:10     | Offered knowledge of Iskenderun's Mystic Blast by Vehumet.
 15861 | D:10     | Found a shadowy altar of Dithmenos.
 16477 | D:10     | Noticed a two-headed ogre
 16589 | D:10     | Killed a two-headed ogre
 16590 | D:10     | Reached skill level 5 in Hexes
 16848 | D:10     | Found a hazy altar of Hepliaklqana.
 17013 | D:10     | Found Uxkequz's General Store.
 17317 | D:11     | Noticed a deep elf pyromancer
 17320 | D:11     | Killed a deep elf pyromancer
 17321 | D:11     | Reached XP level 12. HP: 72/72 MP: 10/19
 18364 | D:11     | Found a staircase to the Lair.
 18372 | D:11     | Reached ***** piety under Vehumet
 18504 | D:11     | Offered knowledge of Eringya's Noxious Bog by Vehumet.
 18717 | D:11     | Learned a level 5 spell: Arcjolt
 19467 | D:11     | You are sucked into a shaft and drop 1 floor!
 19471 | D:12     | Identified 2 scrolls of acquirement
 19474 | D:12     | Acquired a staff of air
 19476 | D:12     | Acquired 907 gold pieces
 19519 | D:12     | Noticed a fire dragon
 20184 | Lair:1   | Entered Level 1 of the Lair of Beasts
 20608 | Lair:1   | Reached skill level 1 in Armour
 21042 | Lair:1   | Noticed a catoblepas
 21058 | Lair:1   | Reached skill level 5 in Spellcasting
 21178 | Lair:1   | Killed a catoblepas
 21179 | Lair:1   | Reached skill level 10 in Dodging
 21976 | Lair:2   | Noticed a skyshark
 21979 | Lair:2   | Killed a skyshark
 22148 | Lair:2   | Noticed a boulder beetle
 22644 | Lair:2   | Noticed Harold
 22653 | Lair:2   | Killed Harold
 22654 | Lair:2   | Reached skill level 14 in Air Magic
 22654 | Lair:2   | Reached XP level 13. HP: 53/80 MP: 2/22
 22917 | Lair:1   | Reached skill level 1 in Staves
 22917 | Lair:1   | Reached skill level 1 in Evocations
 23973 | Lair:2   | Reached skill level 5 in Armour
 24126 | Lair:2   | Noticed Gastronok
 24340 | Lair:2   | Killed Gastronok
 24341 | Lair:2   | Reached skill level 10 in Fighting
 25230 | Lair:2   | Reached skill level 5 in Staves
 26087 | Lair:3   | Found a staircase to the Snake Pit.
 26136 | Lair:3   | Reached skill level 5 in Evocations
 26138 | Lair:3   | Offered knowledge of Conjure Ball Lightning by Vehumet.
 26503 | Lair:3   | Reached XP level 14. HP: 88/88 MP: 2/23
 26776 | Lair:3   | Found a staircase to the Shoals.
 27511 | Lair:4   | You are sucked into a shaft and drop 1 floor!
 27511 | Lair:5   | Entered Level 5 of the Lair of Beasts
 27570 | Lair:5   | Found a dark tunnel.
 27618 | Volcano  | Entered a volcano
 27715 | Volcano  | Paralysed by something for 4 turns
 27766 | Volcano  | Paralysed by something for 3 turns
 27787 | Volcano  | Killed from afar by an ogre mage

Illustrated notes

Levels and vault maps discovered:
D:1:      wander_arrival_fairy_ring, layout_loops_corners,
          hangedman_decor_diamond_cutter
D:2:      layout_loops_cross, basic_altar, minmay_misc_feat_alley, uniq_jessica,
          uniq_terence
D:3:      layout_loops_ring, mainiacjoe_overflow_tiny_flanked, moated_statue
D:4:      layout_gridville, minmay_temple_entry_oklob,
          kennysheep_generic_room_10
D:5:      nicolae_cairo_tiling, layout_basic, guppyfry_early_lair_pool
D:6:      layout_basic, lemuel_mausoleum_altar_kikubaaqudgha,
          nicolae_take_the_stairs
D:7:      layout_basic, cheibrodos_worm_habitat, nicolae_gozag_seed_capital,
          hangedman_decor_growths, kennysheep_nondescript, st_stairs_13,
          minmay_circle_x
D:8:      nzn_winding_woodlands_small
          [nzn_winding_woodlands_5x15_river_crossing,
          nzn_winding_woodlands_center_lodge, nzn_winding_woodlands_5x15_pool],
          layout_loops_ring, uniq_erica
D:9:      lemuel_insect_pit, layout_basic, nicolae_uskayaw_suspiria,
          okawaru_metal_pillars_3, ebering_ghost_xom,
          chequers_serial_rivers_small_a, uniq_grum
D:10:     layout_roguey [special_room_bee], lemuel_coloured_pillars_altar,
          nzn_hepliaklqana_mist_gate, serial_shops,
          nicolae_shop_window_shopping, nicolae_kite_square_tiling_tiny, pond
D:11:     layout_rooms, erik_lair_island, hangedman_minor_magic
D:12:     layout_rooms, orc_0_dummy, maelrawn_ghost_gauntlet_escape
Temple:   dpeg_chambers_temple
Lair:1:   layout_misc_corridors, grunt_megastairs_5, infiniplex_staircase_pool_2
Lair:2:   layout_chaotic_city, nzn_random_ring, uniq_gastronok, uniq_harold
Lair:3:   layout_cellular_growth, elwin_shoals_entry_rocks,
          guppyfry_snake_entry_garden
Lair:4:   layout_long_grid, slime_entry_1
Lair:5:   evilmike_catoblepas_cave, layout_long_grid, enter_volcano_3,
          uniq_nessos
Volcano:  volcano_pools

Skill      XL: |  1  2  3  4  5  6  7  8  9 10 11 12 13 14 |
---------------+-------------------------------------------+-----
Conjurations   | 2 3 4 5 10 13 | 13.0
Air Magic      | 5 7 10 11 12 13 14 | 14.1
Spellcasting   | 3 4 5 |  5.7
Fighting       | 3 6 7 9 10 | 10.7
Dodging        | 4 6 7 8 10 | 10.5
Hexes          | 3 5 |  5.0
Armour         | 3 5 |  5.5
Staves         | 7 8 |  8.0
Evocations     | 5 |  5.0
Stealth        | |  2.0

Action                     |  1- 3 |  4- 6 |  7- 9 | 10-12 | 13-15 || total
---------------------------+-------+-------+-------+-------+-------++-------
  Melee: Unarmed           |     2 |       |       |       |       ||     2
         Dagger            |       |     3 |    11 |    17 |       ||    31
         Kick              |       |     1 |     4 |    28 |    32 ||    65
         Peck              |       |     1 |     2 |    14 |    15 ||    32
         Staff             |       |       |       |    38 |    71 ||   109
         Punch             |       |       |       |     1 |     4 ||     5
   Cast: Shock             |    50 |   136 |   160 |   321 |     6 ||   673
         Static Discharge  |     5 |     4 |   106 |   131 |     4 ||   250
         Airstrike         |       |       |       |    56 |    65 ||   121
         Fulminant Prism   |       |       |       |    22 |    11 ||    33
         Swiftness         |       |       |       |     3 |       ||     3
         Arcjolt           |       |       |       |    33 |    55 ||    88
    Use: Potion            |       |       |     3 |       |       ||     3
         Scroll            |       |       |       |    11 |     2 ||    13
   Stab: Sleeping          |       |       |     4 |       |       ||     4
         Distracted        |       |       |       |     1 |       ||     1
 Armour: Robe              |    12 |    13 |    24 |     4 |       ||    53
         Troll leather arm |       |       |       |    50 |       ||    50
         Acid dragon scale |       |       |       |    31 |    34 ||    65
  Dodge: Dodged            |    22 |    28 |   118 |   391 |   126 ||   685

Table legend: (Time is in decaauts)
 A = Elapsed time spent in this place.
 B = Non-inter-level travel time spent in this place.
 C = Inter-level travel time spent in this place.
 D = Time resting spent in this place.
 E = Time spent auto-exploring this place.
 F = Levels seen in this place.
 G = Mean time per level.
                   A        B        C        D        E       F      G
               +--------+--------+--------+--------+--------+-----+--------+
         Total |  26809 |  25984 |    825 |  11915 |  10075 |  19 | 1411.0 |
       Dungeon |  19662 |  19039 |    623 |   7950 |   8243 |  12 | 1638.5 |
        Temple |    213 |    186 |     27 |      0 |    171 |   1 |  213.0 |
          Lair |   6772 |   6598 |    174 |   3962 |   1659 |   5 | 1354.4 |
       Volcano |    161 |    161 |      0 |      3 |      0 |   1 |  161.0 |
               +--------+--------+--------+--------+--------+-----+--------+

Top non-repeatable levels by time:
    D:10: 3587 daAuts
     D:8: 2948 daAuts
  Lair:1: 2610 daAuts
  Lair:2: 2415 daAuts
    D:11: 2090 daAuts
     D:6: 1834 daAuts
     D:7: 1664 daAuts
  Lair:3: 1644 daAuts
     D:2: 1378 daAuts
     D:1: 1377 daAuts
     D:4: 1300 daAuts
     D:5: 1264 daAuts
     D:9: 1143 daAuts
     D:3: 1011 daAuts
  Temple: 213 daAuts
